 Dungeon Crawl Stone Soup version 0.22.0-38-g04b72b8 (webtiles) character file.

1368 Loudmushroom the Cleaver (level 8, 0/71 HPs)
             Began as a Hill Orc Fighter on Aug 26, 2018.
             Was a Follower of Beogh.
             Slain by a bullfrog zombie (1 damage)
             ... on level 6 of the Dungeon.
             The game lasted 00:24:01 (4469 turns).

Loudmushroom the Cleaver (Hill Orc Fighter)         Turns: 4469, Time: 00:24:01

Health: 0/71       AC: 11    Str: 19    XL:     8   Next: 65%
Magic:  10/10      EV:  7    Int:  8    God:    Beogh [*.....]
Gold:   222        SH: 10    Dex: 12    Spells: 7/7 levels left

rFire    . . .     SeeInvis .   a - +0 war axe
rCold    . . .     Gourm    .   c - +0 shield
rNeg     . . .     Faith    .   B - +0 scale mail
rPois    .         Spirit   .   E - +0 helmet
rElec    .         Reflect  .   A - +0 cloak
rCorr    .         Harm     .   (no gloves)
MR       .....                  t - +0 pair of boots
Stlth    ..........             (no amulet)
HPRegen  0.21/turn              i - ring of flight
MPRegen  0.12/turn              (no ring)

@: lethally poisoned (0 -> 0)
A: no striking features
a: Renounce Religion, Evoke Flight


You were on level 6 of the Dungeon.
You worshipped Beogh.
Beogh was aware of your devotion.
You were not hungry.

You visited 1 branch of the dungeon, and saw 6 of its levels.

You collected 222 gold pieces.

Inventory:

Hand Weapons
 a - a +0 war axe (weapon)
 b - a +0 hunting sling
 r - a +0 blowgun
 v - a +0 scythe
 y - the +5 mace of the Philosopher {crush, Str+6 Int-3, unknown}
   (You took it off an orc on level 5 of the Dungeon)

   It inflicts extra damage upon your enemies.
   It affects your strength (+6).
   It affects your intelligence (-3).
 C - a cursed -2 hand axe
Missiles
 g - 21 sling bullets
 h - 16 stones
 x - 43 poisoned needles
 D - 5 needles of sleeping
 F - 5 tomahawks
 I - 8 javelins (quivered)
 M - 10 bolts
Armour
 c - a +0 shield (worn)
 t - a +0 pair of boots (worn)
 A - a +0 cloak (worn)
 B - a +0 scale mail (worn)
 E - a +0 helmet (worn)
Jewellery
 i - a ring of flight (left hand)
 L - an uncursed ring of resist corrosion {unknown}
Wands
 n - a wand of digging (4)
Scrolls
 e - a scroll of immolation
 k - a scroll of identify
 o - 2 scrolls of teleportation
 u - a scroll of fog
 K - a scroll of remove curse
Potions
 d - a potion of might
 j - a potion of heal wounds {unknown}
 l - 3 potions of brilliance {unknown}
 m - 2 potions of mutation {unknown}
 p - 3 potions of curing
 q - a potion of magic {unknown}
 s - a potion of cancellation {unknown}
 w - a potion of invisibility {unknown}
 z - 3 potions of agility {unknown}
 G - 3 potions of flight {unknown}
 H - a potion of berserk rage {unknown}
Comestibles
 f - 9 rations
 J - 3 chunks of flesh


   Skills:
 + Level 6.4 Fighting
 * Level 8.7 Axes
 + Level 5.8 Armour
 + Level 5.8 Shields
 + Level 3.3 Invocations


You had 7 spell levels left.
You didn't know any spells.
Your spell library contained the following spells:

 Spells                   Type           Power        Failure   Level  Hunger
 Corona                   Hex            #......      98%         1    ##.....
 Ensorcelled Hibernation  Hex/Ice        #.....       99%         2    ###....
 Confuse                  Hex            #.......     100%        3    ####...
 Dazzling Spray           Conj/Hex       #.....       100%        3    ####...
 Tukima's Dance           Hex            #.......     100%        3    ####...


Dungeon Overview and Level Annotations

Branches:
Dungeon (6/15)             Temple (0/1) D:5

Altars:
Cheibriados
Dithmenos
Elyvilon
Gozag
Hepliaklqana
Ru
Uskayaw
Wu Jian
Xom
Zin


Message History

You slash the orc wizard!
You kill the orc wizard!
Beogh accepts your kill.
You hit the bullfrog zombie but do no damage.
The bullfrog zombie barely misses you. You block the orc warrior's attack.
Your shield and scale mail prevent you from hitting the ice beast.
The ice beast is severely wounded.
Your shield prevents you from hitting the bullfrog zombie.
The bullfrog zombie hits you but does no damage.
You block the ice beast's attack. You block the orc warrior's attack.
The bullfrog zombie barely misses you.
You slash the ice beast!
You kill the ice beast!
Beogh accepts your kill.
You hit the bullfrog zombie.
You feel sick. You block the bullfrog zombie's attack.
You block the orc warrior's attack. The bullfrog zombie hits you.
* * * LOW HITPOINT WARNING * * *
The bullfrog zombie hits you.
You die...

..... #.# #.... #.#
#.# # .. #.####.# #
#....#.#### #
#..#.#....# .
#..#.#.##.# #
#..#....#.###### #
#.).†...o......#.#
##....)..@........
........).$.Z...#.#.#
....###########.# #
.... .# # ... # # ..


You could see an orc warrior and a bullfrog zombie.

Vanquished Creatures
  The ghost of Gildeon the Magician, an amateur GnWz (D:3)
  Sigmund (D:5)
  An ice beast (D:6)
  2 ogres (D:4)
  2 centaurs
  A bullfrog (D:6)
  A scorpion (D:5)
  3 crimson imps (D:4)
  A hound (D:5)
  Crazy Yiuf (D:3)
  An orc priest (D:6)
  3 orc wizards
  A worker ant (D:4)
  A howler monkey skeleton (D:4)
  5 adders
  A shadow imp (D:5)
  2 oozes
  An adder zombie (D:5)
  An adder skeleton (D:5)
  4 worms
  A dart slug (D:3)
  3 leopard geckos
  21 orcs
  2 ball pythons (D:2)
  7 bats
  5 giant cockroaches
  3 goblins
  8 hobgoblins
  4 jackals (D:4)
  A quokka (D:4)
  3 frilled lizards
  A jackal skeleton (D:5)
  7 kobolds
  3 rats
103 creatures vanquished.

Vanquished Creatures (others)
  A giant cockroach (D:4)
  A jackal skeleton (D:4)
2 creatures vanquished.

Grand Total: 105 creatures vanquished

Notes
Turn   | Place    | Note
-------+----------+-------------------------------------------
     0 | D:1      | Loudmushroom the Hill Orc Fighter began the quest for the Orb.
     0 | D:1      | Reached XP level 1. HP: 19/19 MP: 1/1
    89 | D:1      | Reached skill level 3 in Axes
   287 | D:1      | Reached XP level 2. HP: 27/27 MP: 2/2
   688 | D:2      | Reached XP level 3. HP: 33/33 MP: 3/3
  1229 | D:3      | Reached skill level 4 in Axes
  1252 | D:3      | Reached XP level 4. HP: 36/40 MP: 4/4
  1293 | D:3      | Found a runed door.
  1293 | D:3      | Noticed Gildeon's ghost (amateur GnWz)
  1350 | D:3      | Killed Gildeon's ghost
  1350 | D:3      | Reached skill level 5 in Axes
  1350 | D:3      | Reached XP level 5. HP: 4/47 MP: 5/5
  1350 | D:3      | Reached XP level 6. HP: 4/55 MP: 6/6
  2012 | D:3      | Reached skill level 6 in Axes
  2023 | D:3      | Found a snail-covered altar of Cheibriados.
  2044 | D:3      | Reached skill level 5 in Fighting
  2123 | D:3      | Found a runed door.
  2215 | D:3      | Noticed Crazy Yiuf
  2218 | D:3      | Paralysed by Crazy Yiuf for 3 turns
  2228 | D:3      | Killed Crazy Yiuf
  2577 | D:4      | Reached XP level 7. HP: 57/61 MP: 7/7
  2668 | D:4      | Became a worshipper of Beogh the Brigand
  3022 | D:4      | Found a hazy altar of Hepliaklqana.
  3047 | D:4      | Found an ornate altar of the Wu Jian Council.
  3073 | D:4      | Found a shimmering altar of Xom.
  3095 | D:4      | Reached skill level 7 in Axes
  3095 | D:4      | Reached skill level 5 in Shields
  3127 | D:4      | Reached skill level 5 in Armour
  3207 | D:4      | Found a hide-covered altar of Uskayaw.
  3207 | D:4      | Found a white marble altar of Elyvilon.
  3207 | D:4      | Found a sacrificial altar of Ru.
  3250 | D:5      | Entered Level 5 of the Dungeon
  3345 | D:5      | Reached skill level 1 in Invocations
  3496 | D:5      | Noticed Sigmund
  3508 | D:5      | Killed Sigmund
  3508 | D:5      | Reached XP level 8. HP: 59/70 MP: 9/9
  3590 | D:5      | Found a shadowy altar of Dithmenos.
  3598 | D:5      | Found a staircase to the Ecumenical Temple.
  3667 | D:5      | Found a glowing silver altar of Zin.
  3707 | D:5      | Reached skill level 8 in Axes
  3849 | D:5      | Reached * piety under Beogh
  3926 | D:5      | Got a steaming mace {crush}
  4027 | D:5      | Found an opulent altar of Gozag.
  4469 | D:6      | HP: 1/71 [bullfrog zombie (5)]
  4469 | D:6      | Slain by a bullfrog zombie

Skill      XL: |  1  2  3  4  5  6  7  8 |
---------------+-------------------------+-----
Axes           | 3 4 5 6 7 8 |  8.7
Fighting       | 4 5 6 |  6.4
Armour         | 4 5 |  5.8
Shields        | 4 5 |  5.8
Invocations    | 2 3 |  3.3

Action                   |  1- 3 |  4- 6 |  7- 9 || total
-------------------------+-------+-------+-------++-------
Melee: War axe           |    95 |   110 |   137 ||   342
Invok: Convert to Beogh  |       |       |     1 ||     1
  Use: Scroll            |       |       |    10 ||    10
  Eat: Chunk             |     1 |     2 |     2 ||     5
       Ration            |       |     1 |     1 ||     2
Armor: Scale mail        |    49 |    72 |    69 ||   190
Dodge: Dodged            |    27 |    52 |    44 ||   123
Block: Shield            |    48 |    58 |    94 ||   200
